[Event "19th IPCA WCC 2019"]
[Site "Ruzomberok"]
[Date "2019.07.03"]
[Round "6.7"]
[White "Jennitha, Anto K."]
[Black "Glazar, Domagoj"]
[Result "0-1"]
[ECO "C77"]
[WhiteElo "1972"]
[BlackElo "2153"]
[Annotator "NA"]
[PlyCount "112"]
[EventDate "2019.06.28"]
[EventType "swiss"]
[EventCountry "SVK"]
[SourceTitle "playchess.com"]
[Source "ChessBase"]
[SourceQuality "1"]
[TimeControl "5400+30"]

1. e4 e5 2. Nf3 Nc6 3. Bb5 a6 4. Ba4 Nf6 5. Qe2 b5 6. Bb3 Be7 7. c3 O-O 8. O-O d6 9. d3 Na5 10. Bc2 c5 11. b3 Nc6 12. Rd1 Qc7 13. h3 b4 14. d4 cxd4 15. cxd4 Nxd4 16. Nxd4 exd4 17. Bb2 Nd7 18. Bxd4 Bf6 19. Bxf6 Nxf6 20. Bd3 Re8 21. Nd2 Bb7 22. Re1 Nd5 23. Qf3 Nc3 24. Qg3 Re7 25. f3 Rae8 26. Nc4 Qc5+ 27. Qf2 f6 28. a4 Rd8 29. Ne3 d5 30. exd5 Nxd5 31. Bc4 Kf8 32. Nf5 Rxe1+ 33. Rxe1 Qxf2+ 34. Kxf2 g6 35. Nd4 Rc8 36. Ne6+ Kf7 37. Nd4 h5 38. Nc2 a5 39. Ne3 Rc5 40. g4 hxg4 41. hxg4 Kg7 42. Rd1 Nb6 43. Be6 Kf8 44. Nc4 Nxc4 45. Bxc4 Ke7 46. f4 Bc8 47. Kf3 Bd7 48. Re1+ Kd6 49. Kg3 g5 50. Rd1+ Kc7 51. Rd4 Bc8 52. fxg5 Rxg5 53. Rf4 f5 54. Be2 fxg4 55. Bxg4 Kd6 56. Kh4 Rxg4+ 0-1

[Event "19th IPCA WCC 2019"]
[Site "Ruzomberok"]
[Date "2019.07.03"]
[Round "6.8"]
[White "Valenta, Vit"]
[Black "Tersinsev, Andrey"]
[Result "1-0"]
[ECO "A00"]
[WhiteElo "2147"]
[BlackElo "2164"]
[Annotator "NA"]
[PlyCount "165"]
[EventDate "2019.06.28"]
[EventType "swiss"]
[EventCountry "SVK"]
[SourceTitle "playchess.com"]
[Source "ChessBase"]
[SourceQuality "1"]
[TimeControl "5400+30"]

1. b4 e5 2. Bb2 Bxb4 3. Bxe5 Nf6 4. Nf3 d5 5. g3 c5 6. Bb2 Nc6 7. Bg2 O-O 8. O-O Re8 9. e3 Bg4 10. h3 Be6 11. d3 Qd7 12. Kh2 d4 13. e4 c4 14. Ng5 c3 15. Bc1 b5 16. f4 h6 17. Nxe6 fxe6 18. e5 Nd5 19. Be4 Nce7 20. Qf3 Rad8 21. a4 a6 22. Na3 Nf5 23. axb5 axb5 24. Rb1 Bxa3 25. Bxa3 Nfe3 26. Rf2 b4 27. Bc1 Qe7 28. Re2 Rb8 29. Rb3 Qa7 30. f5 Rf8 31. Bxd5 Nxd5 32. f6 Qf7 33. Qg4 Kh7 34. fxg7 Rg8 35. Qxd4 Rxg7 36. Qh4 Rg6 37. Bf4 Rf8 38. Rf2 Qa7 39. Kg2 Qd4 40. Kf1 Rfg8 41. Rf3 Nxf4 42. Qxf4 Qxf4 43. gxf4 Rg1+ 44. Ke2 Rc1 45. Rxb4 Rg2+ 46. Ke3 Rcxc2 47. Rc4 Rc1 48. Rf2 Rg3+ 49. Rf3 Rg2 50. d4 c2 51. Rc7+ Kg6 52. f5+ exf5 53. Rc6+ Kg5 54. h4+ Kxh4 55. Kf4 Rg4+ 56. Kxf5 Rg5+ 57. Kf6 Kh5 58. Rh3+ Kg4 59. Rxh6 Rf1+ 60. Ke7 Rg7+ 61. Kd6 c1=Q 62. Rxc1 Rxc1 63. d5 Ra1 64. e6 Kg5 65. Rh2 Raa7 66. Ke5 Rgb7 67. Rg2+ Kh6 68. Kf6 Kh7 69. d6 Rb1 70. d7 Rd1 71. Rg7+ Kh8 72. Rf7 Kg8 73. Rg7+ Kh8 74. d8=Q+ Rxd8 75. Rxa7 Rd1 76. e7 Rf1+ 77. Kg5 Rg1+ 78. Kf5 Rf1+ 79. Ke6 Re1+ 80. Kd7 Rd1+ 81. Kc8 Re1 82. Kd8 Rd1+ 83. Rd7 1-0

[Event "19th IPCA WCC 2019"]
[Site "Ruzomberok"]
[Date "2019.07.03"]
[Round "6.9"]
[White "Gedgafov, Chamal"]
[Black "Sovetov, Oleksandr"]
[Result "1-0"]
[ECO "A06"]
[WhiteElo "2163"]
[BlackElo "2009"]
[Annotator "NA"]
[PlyCount "83"]
[EventDate "2019.06.28"]
[EventType "swiss"]
[EventCountry "SVK"]
[SourceTitle "playchess.com"]
[Source "ChessBase"]
[SourceQuality "1"]
[TimeControl "5400+30"]

1. Nf3 d5 2. c4 c6 3. g3 Nf6 4. Bg2 Bf5 5. O-O e6 6. a4 Be7 7. a5 Bxb1 8. Rxb1 Qxa5 9. d3 O-O 10. b3 Qc7 11. Bb2 Nbd7 12. Qc2 Rfc8 13. Rfc1 a5 14. h3 h6 15. Ba1 Qd8 16. e4 dxe4 17. dxe4 Qb6 18. g4 Rd8 19. e5 Nh7 20. h4 Nhf8 21. g5 h5 22. Bh3 g6 23. Rd1 Bc5 24. Rd3 Nb8 25. Rd6 Na6 26. Rbd1 Qc7 27. Qd3 Re8 28. Nd2 Nb4 29. Qc3 Re7 30. Ne4 Qb6 31. Qd2 Na6 32. Qc2 Qc7 33. Qe2 Nh7 34. Bg2 Rae8 35. Bf3 Ra8 36. Qd2 Nf8 37. Nf6+ Kg7 38. Qe2 Rc8 39. Bxh5 gxh5 40. Qxh5 Ng6 41. Qh7+ Kf8 42. Qg8# 1-0

[Event "19th IPCA WCC 2019"]
[Site "Ruzomberok"]
[Date "2019.07.03"]
[Round "6.10"]
[White "Roehrig, Uwe"]
[Black "Tsapalin, Sergey"]
[Result "1/2-1/2"]
[ECO "A10"]
[WhiteElo "1802"]
[BlackElo "1935"]
[Annotator "NA"]
[PlyCount "84"]
[EventDate "2019.06.28"]
[EventType "swiss"]
[EventCountry "SVK"]
[SourceTitle "playchess.com"]
[Source "ChessBase"]
[SourceQuality "1"]
[TimeControl "5400+30"]

1. c4 f5 2. g3 Nf6 3. Bg2 g6 4. Nc3 Bg7 5. e3 O-O 6. Nge2 e5 7. f4 d6 8. O-O c6 9. d3 Na6 10. a3 Qe7 11. b4 Be6 12. Rb1 Bf7 13. Bb2 Rae8 14. e4 fxe4 15. fxe5 dxe5 16. Nxe4 Nxe4 17. Bxe4 Nc7 18. Qc2 Ne6 19. Rbe1 Ng5 20. Bg2 Be6 21. h4 Nh3+ 22. Kh2 Nf2 23. Nc3 Ng4+ 24. Kg1 Bh6 25. Ne4 Bf5 26. Bc1 Bxc1 27. Qxc1 Qd8 28. Qc3 Qd4+ 29. Qxd4 exd4 30. Nd6 Rxe1 31. Rxe1 Bxd3 32. Rd1 Ne5 33. Nxb7 Bxc4 34. Rxd4 Bb5 35. Nc5 Nf3+ 36. Bxf3 Rxf3 37. a4 Be2 38. Kg2 Rf7 39. Rd8+ Kg7 40. Rd7 Rxd7 41. Nxd7 Bd1 42. a5 Bb3 1/2-1/2

[Event "19th IPCA WCC 2019"]
[Site "Ruzomberok"]
[Date "2019.07.03"]
[Round "6.11"]
[White "Obodchuk, Andrei"]
[Black "Jurkiewicz, Krzysztof"]
[Result "1/2-1/2"]
[ECO "E71"]
[WhiteElo "2316"]
[BlackElo "2275"]
[Annotator "NA"]
[PlyCount "97"]
[EventDate "2019.06.28"]
[EventType "swiss"]
[EventCountry "SVK"]
[SourceTitle "playchess.com"]
[Source "ChessBase"]
[SourceQuality "1"]
[TimeControl "5400+30"]

1. d4 Nf6 2. c4 g6 3. Nc3 Bg7 4. e4 d6 5. h3 O-O 6. Be3 e5 7. d5 a5 8. g4 Na6 9. Nge2 Nc5 10. Ng3 c6 11. g5 Ne8 12. dxc6 Ne6 13. cxb7 Bxb7 14. Qd2 f5 15. gxf6 Nxf6 16. O-O-O Nd4 17. Nd5 a4 18. Kb1 Rf7 19. Rc1 Rb8 20. Bd3 Bxd5 21. exd5 Rfb7 22. Bxd4 exd4 23. Rc2 Nd7 24. Ne4 Ne5 25. h4 a3 26. b3 Rxb3+ 27. axb3 Rxb3+ 28. Ka2 Rxd3 29. Qg5 Qf8 30. Rb1 Rf3 31. Qc1 d3 32. Rd2 Bh6 33. Ng5 Rxf2 34. Rxf2 Qxf2+ 35. Kxa3 Qa7+ 36. Kb3 Qb6+ 37. Kc3 Qa5+ 38. Kd4 Qc5+ 39. Ke4 Qc8 40. Qf4 Qxc4+ 41. Ke3 Qc5+ 42. Qd4 Qc8 43. Qf4 Qc5+ 44. Qd4 Qc8 45. Qf4 Qc5+ 46. Qd4 Qc2 47. Rb8+ Bf8 48. Rb1 Qc7 49. Qf4 1/2-1/2

[Event "19th IPCA WCC 2019"]
[Site "Ruzomberok"]
[Date "2019.07.03"]
[Round "6.12"]
[White "Kovacevic, Krsto"]
[Black "Matana, Zoran"]
[Result "1-0"]
[ECO "B52"]
[WhiteElo "2049"]
[BlackElo "1818"]
[Annotator "NA"]
[PlyCount "105"]
[EventDate "2019.06.28"]
[EventType "swiss"]
[EventCountry "SVK"]
[SourceTitle "playchess.com"]
[Source "ChessBase"]
[SourceQuality "1"]
[TimeControl "5400+30"]

1. e4 c5 2. Nf3 d6 3. Bb5+ Bd7 4. Bxd7+ Qxd7 5. O-O Nc6 6. Qe2 g6 7. c3 Bg7 8. Re1 e5 9. d3 Nge7 10. Be3 f5 11. exf5 Nxf5 12. Bg5 O-O 13. Na3 Rae8 14. Rad1 Qf7 15. b3 h6 16. Bd2 d5 17. h3 Kh7 18. Nh2 a6 19. Nc2 Nd6 20. f3 a5 21. Ne3 Nf5 22. Nxf5 gxf5 23. Qf2 b6 24. Qh4 Qg6 25. Qa4 Rg8 26. Re2 Rb8 27. Qb5 Qd6 28. Be1 Ra8 29. Bf2 Rgb8 30. Qa4 d4 31. c4 Ne7 32. Rde1 Rf8 33. f4 e4 34. dxe4 Qxf4 35. e5 Ng6 36. Nf3 h5 37. Qc6 Rab8 38. h4 Bh6 39. Nh2 Nxh4 40. g3 Qg5 41. e6 Qe7 42. gxh4 d3 43. Re5 Rbd8 44. Nf3 Rg8+ 45. Kh1 d2 46. Nxd2 Rxd2 47. Rd5 Rxd5 48. Qxd5 Rf8 49. Qf3 Rf6 50. Qxh5 Qb7+ 51. Kh2 Kg7 52. e7 Bf4+ 53. Kg1 1-0

[Event "19th IPCA WCC 2019"]
[Site "Ruzomberok"]
[Date "2019.07.03"]
[Round "6.13"]
[White "Samarth J Rao"]
[Black "Wielecki, Zygmunt"]
[Result "0-1"]
[ECO "A44"]
[WhiteElo "1593"]
[BlackElo "2145"]
[Annotator "NA"]
[PlyCount "96"]
[EventDate "2019.06.28"]
[EventType "swiss"]
[EventCountry "SVK"]
[SourceTitle "playchess.com"]
[Source "ChessBase"]
[SourceQuality "1"]
[TimeControl "5400+30"]

1. d4 c5 2. d5 e5 3. c4 d6 4. Nc3 Ne7 5. e4 Ng6 6. g3 Be7 7. Bg2 Bg5 8. Nge2 Bxc1 9. Qxc1 O-O 10. O-O a6 11. f4 exf4 12. Nxf4 Nd7 13. Rb1 Nde5 14. Nce2 b5 15. b3 Qa5 16. a3 Bd7 17. Kh1 bxc4 18. bxc4 Rab8 19. Nxg6 hxg6 20. Ng1 Qa4 21. Nf3 Nxc4 22. Qf4 f6 23. Rfc1 g5 24. Nxg5 fxg5 25. Qxg5 Rxb1 26. Rxb1 Qc2 27. Rc1 Qd2 28. Qxd2 Nxd2 29. Rc2 Nb3 30. Rc3 Rb8 31. Bf1 a5 32. Bc4 Nd2 33. Bd3 Bh3 34. Rc1 Rb2 35. Bc2 Nf3 36. e5 Nxe5 37. Be4 Re2 38. Rb1 Rxe4 39. Kg1 Re2 40. Rf1 Bxf1 41. Kxf1 Re4 42. Kf2 c4 43. h4 c3 44. h5 c2 45. g4 c1=Q 46. g5 Qe1+ 47. Kg2 Rg4+ 48. Kh2 Qh4# 0-1

[Event "19th IPCA WCC 2019"]
[Site "Ruzomberok"]
[Date "2019.07.03"]
[Round "6.14"]
[White "Kozicz, Andrzej"]
[Black "Zicho, Anton"]
[Result "1-0"]
[ECO "B01"]
[WhiteElo "1979"]
[BlackElo "1662"]
[Annotator "NA"]
[PlyCount "63"]
[EventDate "2019.06.28"]
[EventType "swiss"]
[EventCountry "SVK"]
[SourceTitle "playchess.com"]
[Source "ChessBase"]
[SourceQuality "1"]
[TimeControl "5400+30"]

1. e4 d5 2. exd5 Qxd5 3. Nc3 Qa5 4. d4 Nf6 5. Bd3 Bg4 6. Nge2 e6 7. f3 Bh5 8. Bd2 c6 9. Qc1 Bg6 10. Ne4 Qd8 11. Nxf6+ Qxf6 12. Bg5 Qxg5 13. Qxg5 Bxd3 14. cxd3 Bb4+ 15. Nc3 O-O 16. O-O Nd7 17. Ne4 h6 18. Qh5 Rad8 19. Rad1 f5 20. Nc3 Nf6 21. Qh4 Kh7 22. Kh1 g5 23. Qf2 Ba5 24. Qc2 Bb6 25. Qb3 Rfe8 26. Na4 Nd5 27. Rfe1 Bxd4 28. Qxb7+ Re7 29. Qxc6 e5 30. Rc1 Nf4 31. Qf6 Red7 32. Rc6 1-0

[Event "19th IPCA WCC 2019"]
[Site "Ruzomberok"]
[Date "2019.07.03"]
[Round "6.15"]
[White "Gerasimova, Svetlana"]
[Black "Spirka, Jan"]
[Result "1-0"]
[ECO "C00"]
[WhiteElo "1913"]
[BlackElo "1366"]
[Annotator "NA"]
[PlyCount "102"]
[EventDate "2019.06.28"]
[EventType "swiss"]
[EventCountry "SVK"]
[SourceTitle "playchess.com"]
[Source "ChessBase"]
[SourceQuality "1"]
[TimeControl "5400+30"]

1. e4 e6 2. d4 d6 3. Nc3 Nf6 4. Be3 Be7 5. f3 Bd7 6. Qd2 h6 7. O-O-O O-O 8. g4 Nh7 9. Kb1 Nc6 10. h4 a6 11. Qh2 f6 12. f4 Rf7 13. g5 Rf8 14. g6 b5 15. gxh7+ Kxh7 16. Nf3 b4 17. Ne2 Na5 18. Rg1 Nc4 19. Bc1 f5 20. Qg2 Rg8 21. Qg6+ Kh8 22. Ng5 Bxg5 23. hxg5 Qe8 24. gxh6 Qxg6 25. Rxg6 Kh7 26. Rxg7+ Rxg7 27. hxg7 Kxg7 28. exf5 exf5 29. Ng3 Kg6 30. Bxc4 a5 31. Rg1 Kf6 32. Nh5+ Ke7 33. Rg7+ Kd8 34. Rg8+ Be8 35. Ng7 Ke7 36. Rxe8+ Rxe8 37. Nxe8 Kxe8 38. Be6 Ke7 39. Bxf5 Kf6 40. Be4 Ke6 41. c3 bxc3 42. bxc3 d5 43. Bd3 c6 44. f5+ Kf6 45. Bf4 a4 46. Be5+ Kf7 47. f6 a3 48. Be2 Kg6 49. Kc2 Kf7 50. Bh5+ Kg8 51. f7+ Kf8 1-0

[Event "19th IPCA WCC 2019"]
[Site "Ruzomberok"]
[Date "2019.07.03"]
[Round "6.16"]
[White "Belak, Stefan"]
[Black "Konkolova, Nikola"]
[Result "1-0"]
[ECO "A40"]
[WhiteElo "1851"]
[BlackElo "1518"]
[Annotator "NA"]
[PlyCount "117"]
[EventDate "2019.06.28"]
[EventType "swiss"]
[EventCountry "SVK"]
[SourceTitle "playchess.com"]
[Source "ChessBase"]
[SourceQuality "1"]
[TimeControl "5400+30"]

1. d4 e6 2. Nf3 c6 3. c3 d5 4. Bf4 Bd6 5. Bg3 Bxg3 6. hxg3 Qb6 7. Qb3 Qxb3 8. axb3 Nd7 9. b4 b6 10. e3 Ngf6 11. Nbd2 Bb7 12. Bd3 c5 13. bxc5 bxc5 14. Bb5 O-O 15. O-O cxd4 16. exd4 Rfc8 17. Rfe1 Bc6 18. Ba6 Rcb8 19. b4 Bb5 20. Bxb5 Rxb5 21. Ra3 Rb7 22. Rea1 Rc8 23. Nb1 Rcc7 24. Kf1 Kf8 25. Ke2 Nb6 26. Nfd2 Ke7 27. f3 Nh5 28. Kf2 Nf6 29. Ke3 Nfd7 30. f4 f6 31. g4 e5 32. g3 exd4+ 33. Kxd4 Nc4 34. Nxc4 Rxc4+ 35. Kd3 Rcc7 36. Nd2 Kd6 37. Nb3 h6 38. Ra6+ Ke7 39. Nd4 Nb6 40. Nb5 Rd7 41. Rxa7 Rxa7 42. Rxa7 Rxa7 43. Nxa7 Kd6 44. Nb5+ Kd7 45. Nd4 g6 46. Nf3 Kc6 47. g5 hxg5 48. fxg5 fxg5 49. Nxg5 Nd7 50. Kd4 Kd6 51. Nf3 Nf6 52. Ne5 Ne4 53. c4 Nxg3 54. c5+ Kc7 55. Nxg6 Nf5+ 56. Kxd5 Ne3+ 57. Kd4 Nc2+ 58. Kc3 Ne3 59. b5 1-0

[Event "19th IPCA WCC 2019"]
[Site "Ruzomberok"]
[Date "2019.07.03"]
[Round "6.17"]
[White "Pamarthi Audietya Aazadh"]
[Black "Kaydanovich, Marina"]
[Result "1-0"]
[ECO "C50"]
[WhiteElo "1346"]
[BlackElo "1760"]
[Annotator "NA"]
[PlyCount "91"]
[EventDate "2019.06.28"]
[EventType "swiss"]
[EventCountry "SVK"]
[SourceTitle "playchess.com"]
[Source "ChessBase"]
[SourceQuality "1"]
[TimeControl "5400+30"]

1. e4 e5 2. Nf3 Nc6 3. Bc4 Bc5 4. d3 Nf6 5. Bg5 h6 6. Bh4 d6 7. h3 Qe7 8. Nc3 Be6 9. Nd5 Bxd5 10. Bxd5 Nd8 11. c3 c6 12. Bb3 O-O 13. O-O Bb6 14. Re1 Ne6 15. Qd2 Nf4 16. Kh2 Rad8 17. Rad1 Ng6 18. Bg3 Nh5 19. d4 Nxg3 20. fxg3 Qc7 21. Qe2 Qe7 22. Ng1 Kh7 23. Rf1 f6 24. Qf3 Qd7 25. h4 Qc8 26. Nh3 c5 27. dxc5 dxc5 28. Bd5 Ne7 29. c4 Nc6 30. Bxc6 Qxc6 31. Rd5 Bc7 32. b3 b6 33. Rfd1 Qe6 34. g4 g6 35. R1d3 Rde8 36. g3 Rf7 37. Kg2 f5 38. gxf5 gxf5 39. Qh5 Kg8 40. exf5 Rxf5 41. Qg4+ Kf8 42. Rd7 Rf7 43. Rxf7+ Kxf7 44. Rf3+ Ke7 45. Qe4 Qd6 46. Qh7+ 1-0

[Event "19th IPCA WCC 2019"]
[Site "Ruzomberok"]
[Date "2019.07.03"]
[Round "6.18"]
[White "Sovietova, Kateryna"]
[Black "Felegyi, Karoly"]
[Result "1-0"]
[ECO "D00"]
[WhiteElo "1279"]
[BlackElo "1674"]
[Annotator "NA"]
[PlyCount "45"]
[EventDate "2019.06.28"]
[EventType "swiss"]
[EventCountry "SVK"]
[SourceTitle "playchess.com"]
[Source "ChessBase"]
[SourceQuality "1"]
[TimeControl "5400+30"]

1. d4 d5 2. Bf4 Nf6 3. h3 e6 4. e3 Ne4 5. Nf3 Bd7 6. Nbd2 Nxd2 7. Qxd2 c5 8. c3 Nc6 9. Bd3 Qb6 10. O-O cxd4 11. exd4 Na5 12. Ne5 Bb5 13. Bxb5+ Qxb5 14. Rfe1 Nc4 15. Nxc4 dxc4 16. Qe2 Qd5 17. Rad1 O-O-O 18. Qf1 Bd6 19. Bxd6 Rxd6 20. Re5 Qc6 21. Rc5 Rhd8 22. Rxc6+ bxc6 23. Qxc4 1-0

[Event "19th IPCA WCC 2019"]
[Site "Ruzomberok"]
[Date "2019.07.03"]
[Round "6.19"]
[White "Angappan A"]
[Black "Frumin, Rebeka"]
[Result "1/2-1/2"]
[ECO "B45"]
[WhiteElo "1267"]
[BlackElo "1398"]
[Annotator "NA"]
[PlyCount "70"]
[EventDate "2019.06.28"]
[EventType "swiss"]
[EventCountry "SVK"]
[SourceTitle "playchess.com"]
[Source "ChessBase"]
[SourceQuality "1"]
[TimeControl "5400+30"]

1. e4 c5 2. Nf3 e6 3. d4 cxd4 4. Nxd4 Nc6 5. Nc3 Bb4 6. Nb3 Nge7 7. Bd2 h6 8. Be2 O-O 9. O-O Ng6 10. Kh1 Qh4 11. g3 Qd8 12. a3 Bxc3 13. Bxc3 e5 14. Bh5 Nh8 15. Qd6 Qg5 16. Bf3 Ng6 17. Bd2 Qd8 18. Bh5 Nh8 19. f4 exf4 20. Rxf4 Ne7 21. Raf1 Neg6 22. R4f2 b6 23. Qd5 Ba6 24. Rxf7 Nxf7 25. Rxf7 Rxf7 26. Bxg6 Qf6 27. Bxf7+ Qxf7 28. Qxa8+ Kh7 29. Bf4 Qc4 30. Nd2 Qe2 31. e5 Qe1+ 32. Kg2 Qe2+ 33. Kh3 Qh5+ 34. Kg2 Qe2+ 35. Kg1 Qe1+ 1/2-1/2

[Event "19th IPCA WCC 2019"]
[Site "Ruzomberok"]
[Date "2019.07.03"]
[Round "6.22"]
[White "Pilimon, Zbigniew"]
[Black "Kostova, Erika"]
[Result "1-0"]
[ECO "A40"]
[WhiteElo "1670"]
[BlackElo "1210"]
[Annotator "NA"]
[PlyCount "35"]
[EventDate "2019.06.28"]
[EventType "swiss"]
[EventCountry "SVK"]
[SourceTitle "playchess.com"]
[Source "ChessBase"]
[SourceQuality "1"]
[TimeControl "5400+30"]

1. d4 e6 2. c4 d5 3. Nf3 c5 4. Nc3 Nc6 5. Bf4 Nf6 6. e3 Qa5 7. Bd3 Be7 8. O-O O-O 9. Qe2 Nb4 10. Rfd1 Nd7 11. a3 Nc6 12. Bc2 Qd8 13. Rac1 b6 14. dxc5 dxc4 15. cxb6 Qxb6 16. Qxc4 Na5 17. Qd3 Nc5 18. Qxh7# 1-0

[Event "19th IPCA WCC 2019"]
[Site "Ruzomberok"]
[Date "2019.07.04"]
[Round "7.1"]
[White "Mukha, Nikolay"]
[Black "Babula, Milan"]
[Result "1/2-1/2"]
[ECO "A97"]
[WhiteElo "2159"]
[BlackElo "2220"]
[Annotator "NA"]
[PlyCount "101"]
[EventDate "2019.06.28"]
[EventType "swiss"]
[EventCountry "SVK"]
[SourceTitle "playchess.com"]
[Source "ChessBase"]
[SourceQuality "1"]
[TimeControl "5400+30"]

1. d4 e6 2. c4 f5 3. Nf3 Nf6 4. g3 Be7 5. Bg2 O-O 6. O-O d6 7. Nc3 Qe8 8. Bg5 Nbd7 9. Qc2 h6 10. Bxf6 Nxf6 11. e4 fxe4 12. Nxe4 Bd7 13. Rae1 Qh5 14. Nfd2 Rae8 15. f4 Bc6 16. b4 a6 17. a4 Qf5 18. b5 axb5 19. axb5 Bd7 20. Nb3 Kh8 21. Qe2 c6 22. c5 d5 23. Nc3 Ra8 24. b6 Ra3 25. Qd1 Nh7 26. Re5 Qf7 27. Nb1 Ra2 28. N1d2 Bf6 29. Nf3 Rfa8 30. Re2 Nf8 31. Rxa2 Rxa2 32. Qb1 Ra3 33. Qb2 Ra8 34. Qd2 Be8 35. Na5 Qe7 36. Ne5 Bg6 37. Naxc6 bxc6 38. Nxc6 Qb7 39. Nb4 Be8 40. Rb1 Bc6 41. Bf1 Nd7 42. Nxc6 Qxc6 43. Bb5 Qb7 44. c6 Qxb6 45. cxd7 Qxd4+ 46. Qxd4 Bxd4+ 47. Kf1 Kg8 48. Rc1 Rd8 49. Rc8 Bf6 50. Ke2 Kf7 51. Kf3 1/2-1/2

[Event "19th IPCA WCC 2019"]
[Site "Ruzomberok"]
[Date "2019.07.04"]
[Round "7.2"]
[White "Alekseev, Mikhail"]
[Black "Tebenkov, Vladislav"]
[Result "0-1"]
[ECO "C50"]
[WhiteElo "1869"]
[BlackElo "2096"]
[Annotator "NA"]
[PlyCount "96"]
[EventDate "2019.06.28"]
[EventType "swiss"]
[EventCountry "SVK"]
[SourceTitle "playchess.com"]
[Source "ChessBase"]
[SourceQuality "1"]
[TimeControl "5400+30"]

1. e4 e5 2. Nf3 Nc6 3. Bc4 Nf6 4. d3 Bc5 5. O-O d6 6. c3 a6 7. a4 h6 8. h3 O-O 9. Re1 Be6 10. Bb3 Re8 11. Bxe6 fxe6 12. d4 exd4 13. cxd4 Bb6 14. Nc3 e5 15. dxe5 dxe5 16. Nd5 Nxd5 17. Qxd5+ Qxd5 18. exd5 Nb4 19. Rxe5 Bxf2+ 20. Kf1 Rxe5 21. Nxe5 Bg3 22. Nf3 Nxd5 23. Bd2 Re8 24. Rc1 Re4 25. b3 c6 26. a5 Bf4 27. Rc4 Ne3+ 28. Bxe3 Rxc4 29. bxc4 Bxe3 30. Ke2 Bc5 31. Nd2 Bb4 32. Nb3 Kf7 33. Kd3 Ke6 34. Kd4 Kd6 35. Ke4 c5 36. g4 Kc6 37. h4 b6 38. axb6 a5 39. Nc1 a4 40. Na2 Be1 41. b7 Kxb7 42. Kd5 Kb6 43. h5 a3 44. Ke4 Bh4 45. Kd3 Bf6 46. Kc2 Bb2 47. Kb3 Kc6 48. Nc3 Bxc3 0-1

[Event "19th IPCA WCC 2019"]
[Site "Ruzomberok"]
[Date "2019.07.04"]
[Round "7.3"]
[White "Yarmonov, Igor"]
[Black "Valenta, Vit"]
[Result "1-0"]
[ECO "E73"]
[WhiteElo "2389"]
[BlackElo "2147"]
[Annotator "NA"]
[PlyCount "235"]
[EventDate "2019.06.28"]
[EventType "swiss"]
[EventCountry "SVK"]
[SourceTitle "playchess.com"]
[Source "ChessBase"]
[SourceQuality "1"]
[TimeControl "5400+30"]

1. d4 Nf6 2. c4 g6 3. Nc3 Bg7 4. e4 d6 5. Be2 O-O 6. Bg5 h6 7. Be3 Nbd7 8. Qd2 Kh7 9. h4 e5 10. h5 g5 11. d5 Nc5 12. f3 a5 13. b3 b6 14. Bd1 Ng8 15. g4 Bd7 16. Nge2 Ne7 17. Ng3 Bf6 18. O-O Qb8 19. Be2 Qb7 20. Rfb1 Rfb8 21. Nf1 Qc8 22. Qe1 Qd8 23. Nd2 Nc8 24. a3 Be7 25. b4 Nb7 26. Nb3 Be8 27. Bd2 axb4 28. axb4 Bf8 29. Be3 Kg8 30. Qd2 Ne7 31. Qb2 f6 32. Rc1 Rxa1 33. Rxa1 Ra8 34. Ra3 Qb8 35. Qa2 Rxa3 36. Qxa3 Nc8 37. Kf2 Qa7 38. Qb2 Be7 39. Ke1 Kf8 40. Kd2 Bd7 41. Kc1 Ke8 42. Nd2 Kd8 43. Kb1 Bf8 44. Qb3 Be8 45. Kb2 Bd7 46. Bd3 Be8 47. Qd1 Bd7 48. Bc2 Qa6 49. Ba4 Bxa4 50. Qxa4 Qxa4 51. Nxa4 Kd7 52. Nb3 Be7 53. Nc3 Bf8 54. Ka3 Na7 55. Ka4 Be7 56. Nc1 Bf8 57. Nd3 Be7 58. Ne2 Bf8 59. Ng3 Be7 60. Nf5 Bf8 61. Bf2 Kd8 62. Nc1 Kd7 63. Nb3 Kc8 64. Ka3 Kd7 65. Kb2 Nc8 66. Nd2 Nd8 67. Nb1 Nb7 68. Nc3 Na7 69. Kb3 Kc8 70. Na4 Kd7 71. Bg1 Nc8 72. Be3 Kd8 73. Nb2 Kd7 74. Ka4 Na7 75. Nd3 Ke8 76. Nc1 Kd8 77. Nb3 Kd7 78. Bf2 Kc8 79. Ne3 Kd7 80. Nc2 Be7 81. Ne1 Bf8 82. Nd3 c5 83. dxc6+ Kxc6 84. Na5+ Kc7 85. Nxb7 Kxb7 86. c5 dxc5 87. bxc5 b5+ 88. Ka5 Be7 89. c6+ Nxc6+ 90. Kxb5 Kc7 91. Nc1 Kd7 92. Ne2 Bf8 93. Ng3 Nd8 94. Bb6 Ne6 95. Nf5 Ke8 96. Kc6 Kf7 97. Kd7 Nf4 98. Bc7 Ne2 99. Bd6 Bg7 100. Bc5 Nf4 101. Nd6+ Kf8 102. Nb7+ Kf7 103. Nd8+ Kg8 104. Ke8 Nd3 105. Ba3 Ne1 106. Nc6 Nxf3 107. Ne7+ Kh7 108. Kf7 Nd2 109. Nf5 Bh8 110. Ng3 Nf3 111. Bc5 Nh2 112. Nf5 Nf3 113. Bf8 Nd2 114. Ng3 Nf3 115. Bc5 Nh2 116. Nf5 Nxg4 117. Bg1 Bg7 118. Nxg7 1-0

[Event "19th IPCA WCC 2019"]
[Site "Ruzomberok"]
[Date "2019.07.04"]
[Round "7.4"]
[White "Glazar, Domagoj"]
[Black "Nowak, Lukasz"]
[Result "0-1"]
[ECO "A45"]
[WhiteElo "2153"]
[BlackElo "2267"]
[Annotator "NA"]
[PlyCount "122"]
[EventDate "2019.06.28"]
[EventType "swiss"]
[EventCountry "SVK"]
[SourceTitle "playchess.com"]
[Source "ChessBase"]
[SourceQuality "1"]
[TimeControl "5400+30"]

1. d4 Nf6 2. Bf4 d5 3. e3 e6 4. Bd3 Bd6 5. Nf3 Bxf4 6. exf4 Qd6 7. Qc1 b6 8. O-O O-O 9. Re1 Ba6 10. Bxa6 Nxa6 11. Qd2 c5 12. c3 Nb8 13. g3 Nc6 14. Qe3 Rfc8 15. Nbd2 Rab8 16. Kg2 Ne7 17. Nh4 cxd4 18. Qxd4 Qc5 19. Nb3 Qxd4 20. Nxd4 g6 21. Nhf3 b5 22. Rac1 Ne4 23. Ne5 Rc7 24. f3 Nd6 25. h4 a5 26. Nd3 Nc6 27. Ne2 Rbc8 28. a3 Nb8 29. h5 Nd7 30. hxg6 hxg6 31. Nd4 Nc5 32. Nxc5 Rxc5 33. Nb3 R5c7 34. Nxa5 d4 35. Rcd1 Nf5 36. g4 Ne3+ 37. Rxe3 dxe3 38. Kf1 Kf8 39. Nb3 Ke7 40. Ke2 Rh8 41. Kxe3 Rh2 42. Rb1 f6 43. Nd4 Rc5 44. Ne2 e5 45. f5 gxf5 46. gxf5 Rd5 47. b4 Rd8 48. Ra1 Rg8 49. c4 bxc4 50. Rc1 Rgg2 51. Rc2 Rh4 52. Rc1 Kd6 53. Nc3 Rd4 54. Ne4+ Ke7 55. Rc3 Rb2 56. Nc5 Kf7 57. Ne4 Rb3 58. Rxb3 cxb3 59. Nc3 b2 60. b5 Rc4 61. Nb1 Rc1 0-1

[Event "19th IPCA WCC 2019"]
[Site "Ruzomberok"]
[Date "2019.07.04"]
[Round "7.5"]
[White "Lipilin, Ilia"]
[Black "Gurbanov, Andrei"]
[Result "0-1"]
[ECO "D31"]
[WhiteElo "2084"]
[BlackElo "2300"]
[Annotator "NA"]
[PlyCount "142"]
[EventDate "2019.06.28"]
[EventType "swiss"]
[EventCountry "SVK"]
[SourceTitle "playchess.com"]
[Source "ChessBase"]
[SourceQuality "1"]
[TimeControl "5400+30"]

1. c4 e6 2. Nc3 d5 3. d4 a6 4. cxd5 exd5 5. Bf4 c6 6. e3 Bd6 7. Bxd6 Qxd6 8. Bd3 Nf6 9. Nge2 O-O 10. Qc2 Re8 11. h3 Nbd7 12. O-O Nf8 13. Na4 Ne4 14. Bxe4 dxe4 15. Qc5 Qh6 16. Ng3 Be6 17. Qh5 Qxh5 18. Nxh5 Rad8 19. Rfc1 f5 20. Nb6 Re7 21. Rc5 Bf7 22. Nf4 g5 23. Ne2 Be6 24. a3 Kg7 25. Rd1 Ng6 26. Nc3 Bb3 27. Rd2 Kf6 28. Kf1 h5 29. Ke1 Nh4 30. Kf1 g4 31. hxg4 hxg4 32. Ne2 Rh7 33. Ng3 Be6 34. b4 Ng6 35. a4 Ne7 36. Rb2 Nd5 37. Nxd5+ Bxd5 38. Rb1 Rdh8 39. Ke2 Rh2 40. Rg1 b6 41. Rcc1 Kg5 42. Kd2 Ra8 43. Ne2 a5 44. Kc3 b5 45. axb5 cxb5 46. bxa5 Rxa5 47. Nf4 Ra3+ 48. Kb4 Rb3+ 49. Ka5 Bc4 50. Kb6 g3 51. fxg3 Rxe3 52. d5 Rh6+ 53. Kc5 Rxg3 54. Ne6+ Kf6 55. Nd4 Ke5 56. Nc6+ Kf4 57. Nd4 Rg8 58. Nc6 e3 59. d6 Rc8 60. Rh1 Re6 61. Rh4+ Kg3 62. Rd4 e2 63. Kb6 Kxg2 64. Kb7 Rh8 65. d7 e1=Q 66. Rxe1 Rxe1 67. Kb6 Kg3 68. d8=Q Rxd8 69. Rxd8 f4 70. Nd4 f3 71. Rg8+ Bxg8 0-1